Map: 莱瑞拉克之冠

Players

absolution

  • Race: Protoss Protoss
  • League: Platinum

shengy - Winner!

  • Race: Zerg Zerg
  • League: Platinum

VOD

Have the link to the VOD?

Description

Time

  • Played on: Dec. 30, 2015, 12:38 a.m.
  • Length: 10:44
Show
View Real Time Build Order
Export as new Build Order

absolution Protoss 

Build Orders: 1 Gate Expand 

Get SALT Encoding   

  12  0:01  Probe (Chrono Boost)  
  13  0:12  Probe (Chrono Boost)  
  14  0:22  Pylon, Probe (Chrono Boost)  
  15  0:40  Gateway, Probe (Chrono Boost)  
  16  0:47  Assimilator  
  16  0:51  Probe (Chrono Boost)  
  17  1:01  Probe (Chrono Boost)  
  18  1:12  Probe (Chrono Boost)  
  19  1:30  Nexus  
  19  1:39  Cybernetics Core  
  19  1:45  Probe (Chrono Boost)  
  20  1:51  Assimilator  
  20  1:56  Probe (Chrono Boost)  
  20  2:07  Probe (Chrono Boost)  
  21  2:11  Gateway  
  21  2:13  Pylon  
  21  2:19  Probe (Chrono Boost)  
  22  2:24  Warp Gate (Chrono Boost)  
  22  2:32  Mothership Core (Chrono Boost)  
  24  2:38  Adept  
  26  2:45  Probe (Chrono Boost)  
  26  2:50  Probe (Chrono Boost)  
  28  2:58  Pylon  
  28  3:00  Probe (Chrono Boost)  
  28  3:03  Adept  
  33  3:05  Adept  
  33  3:09  Probe (Chrono Boost)  
  34  3:14  Probe (Chrono Boost)  
  35  3:21  Probe  
  35  3:25  Gateway  
  36  3:36  Stalker x2  
  36  3:39  Probe  
  36  3:40  Probe  
  42  4:18  Probe  
  42  4:20  Probe  
  40  4:26  Robotics Facility  
  40  4:28  Pylon  
  40  4:30  Probe  
  38  4:32  Probe  
  38  4:34  Assimilator  
  38  4:36  Pylon  
  40  4:38  Assimilator  
  40  4:41  Probe  
  40  4:44  Probe  
  42  4:46  Forge  
  42  4:47  Pylon  
  42  4:51  Probe  
  42  4:55  Pylon  
  42  4:56  Probe  
  42  4:57  Stalker  
  42  4:58  Stalker  
  42  4:59  Stalker  
  50  5:04  Probe  
  51  5:08  Probe  
  51  5:11  Warp Prism (Chrono Boost)  
  52  5:16  Probe  
  52  5:20  Probe  
  56  5:22  Gateway  
  56  5:23  Protoss Ground Weapons Level 1 (Chrono Boost)  
  56  5:28  Probe  
  56  5:31  Sentry x3  
  63  5:47  Immortal  
  57  5:54  Zealot x2  
  55  6:21  Probe x2  
  57  6:33  Probe x2  
  58  6:41  Stalker x3  
  58  6:45  Probe x2  
  66  6:53  Pylon  
  66  6:57  Probe  
  66  6:58  Probe  
  68  7:09  Probe  
  68  7:10  Probe  
  70  7:21  Probe  
  70  7:22  Immortal, Probe  
  76  7:34  Probe x2  
  78  7:44  Stalker x2  
  78  7:46  Probe x2  
  84  7:55  Twilight Council  
  84  7:57  Pylon  
  84  8:00  Pylon  
  84  8:08  Immortal  
  86  8:39  Stalker x2  
  86  8:40  Stalker x2  
  94  8:42  Immortal  
  96  9:15  Stalker x4  
  96  9:16  Immortal, Probe  
  96  9:17  Probe  
  110  9:30  Nexus  
  110  9:36  Dark Shrine  
  110  9:38  Pylon  
  110  9:44  Pylon  
  110  9:47  Pylon  
  55  10:21  Photon Cannon  
Show
View Real Time Build Order
Export as new Build Order

shengy Zerg - Winner!

Build Orders: 3 Hatch before Pool, Lurkers 

Get SALT Encoding   

  12  0:01  Drone  
  13  0:08  Drone  
  14  0:16  Overlord  
  14  0:25  Drone, Extractor  
  15  0:35  Drone x2  
  17  0:46  Drone  
  18  0:59  Hatchery  
  18  1:04  Drone  
  18  1:35  Hatchery  
  17  1:41  Overlord  
  17  1:42  Drone x2  
  19  1:49  Spawning Pool  
  19  1:52  Drone  
  19  2:05  Drone  
  20  2:11  Drone  
  21  2:16  Drone  
  21  2:22  Drone  
  23  2:24  Drone  
  23  2:28  Extractor  
  23  2:36  Drone x2  
  25  2:37  Queen  
  25  2:39  Queen  
  30  2:44  Zergling x2  
  30  2:49  Queen  
  32  2:52  Drone  
  32  2:57  Overlord  
  33  2:59  Drone  
  33  3:01  Drone  
  35  3:07  Drone x2, Extractor  
  35  3:10  Drone  
  37  3:13  Drone  
  38  3:23  Drone x3  
  41  3:35  Metabolic Boost  
  41  3:37  Drone  
  41  3:38  Evolution Chamber  
  41  3:49  Drone x2  
  41  3:50  Roach Warren, Drone x2  
  41  3:52  Drone x3  
  41  3:54  Drone, Extractor  
  41  3:55  Drone  
  48  3:56  Drone  
  48  4:00  Overlord  
  49  4:04  Zergling x2  
  49  4:16  Zergling x4  
  49  4:17  Zergling x6  
  46  4:24  Spore Crawler  
  46  4:49  Zergling x2  
  46  4:50  Zergling x22  
  58  4:58  Overlord x2  
  58  5:18  Drone x2, Lair  
  58  5:19  Drone x6  
  58  5:21  Drone  
  58  5:58  Roach  
  58  5:59  Roach x7  
  67  6:14  Roach x3  
  67  6:16  Extractor  
  72  6:23  Drone  
  72  6:24  Drone, Extractor  
  73  6:25  Zerg Missile Weapons Level 1  
  73  6:26  Glial Reconstitution  
  73  6:39  Drone x4  
  74  6:41  Overlord x3  
  74  6:57  Hydralisk Den  
  74  6:59  Drone x10  
  83  7:09  Overlord x2  
  83  7:20  Drone  
  83  7:21  Drone x7  
  91  7:27  Extractor, Overlord x2  
  90  7:34  Lurker Den  
  90  7:36  Infestation Pit, Hydralisk  
  90  7:37  Hydralisk x4  
  99  7:47  Overseer  
  99  7:49  Hydralisk x7  
  99  7:50  Hydralisk  
  115  7:57  Drone x3  
  118  7:58  Evolution Chamber  
  117  8:06  Zergling x6  
  117  8:07  Zergling x2  
  121  8:23  Overlord  
  121  8:24  Overlord x2  
  121  8:25  Hatchery  
  116  9:02  Lurker x5  
  123  9:03  Lurker x8  
  116  9:13  Roach  
  116  9:14  Roach x11  
  140  9:18  Overlord  
  140  9:32  Overlord x4  
  140  9:38  Hatchery  
  139  9:39  Hydralisk x2  
  139  9:40  Hydralisk x4  
  125  10:21  Zergling x22  
Tags
 
Add a new tag
Caveats
  • Supply blocks, unpowered buildings, or Contaminate may cause inaccurate times.
  • Supply counts are checked every 10 seconds.